 Dungeon Crawl Stone Soup version 0.20.0-8-g6b59dc7 (webtiles) character file.

160 MTVSty1e the Poker (level 5, -3/43 HPs)
             Began as a Formicid Monk on June 1, 2017.
             Killed by divine providence
             ... invoked by an orc priest
              (13 damage)
             ... on level 3 of the Dungeon.
             The game lasted 00:06:26 (2883 turns).

MTVSty1e the Poker (Formicid Monk)                  Turns: 2883, Time: 00:06:26

Health: -3/43      AC:  5    Str: 16    XL:     5   Next: 69%
Magic:  5/5        EV: 11    Int: 15    God:
Gold:   44         SH:  0    Dex: 13    Spells: 4/4 levels left

rFire    . . .     SeeInvis +   a - +0 spear
rCold    . . .     Gourm    .   (no shield)
rNeg     . . .     Faith    .   k - +0 ring mail
rPois    +         Spirit   .   (helmet unavailable)
rElec    .         Reflect  .   (no cloak)
rCorr    .         Harm     .   (no gloves)
MR       .....                  (no boots)
Stlth    +.........             (no amulet)
Regen    0.2/turn               g - ring of poison resistance
MPRegen  0.1/turn               (no ring)

@: brilliant
A: permanent stasis, dig shafts and tunnels, four strong arms, antennae 3
a: Dig, Shaft Self


You were on level 3 of the Dungeon.
You were not hungry.

You visited 1 branch of the dungeon, and saw 3 of its levels.

You collected 44 gold pieces.

Inventory:

Hand Weapons
 a - a +0 spear (weapon)
Armour
 k - a +0 ring mail (worn)
Jewellery
 g - a ring of poison resistance (left hand)
Scrolls
 e - 4 scrolls of identify {unknown}
 f - 2 scrolls of teleportation {unknown}
 h - a scroll of remove curse {unknown}
 i - 2 scrolls of random uselessness {unknown}
 j - a scroll of amnesia {unknown}
 m - a scroll of fog {unknown}
Comestibles
 c - a royal jelly
 l - a meat ration


   Skills:
 + Level 4.7 Fighting
 * Level 5.0 Polearms
 - Level 2.6 Dodging
 - Level 2.4 Stealth


You had 4 spell levels left.
You didn't know any spells.

Dungeon Overview and Level Annotations

Branches:
Dungeon (3/15)

Altars:
Ashenzari


Innate Abilities, Weirdness & Mutations

You cannot be hasted, slowed, berserked, paralysed or teleported.
You can dig through walls and to a lower floor.
Your four strong arms can wield two-handed weapons with a shield.
You have a pair of large antennae on your head. (SInv)


Message History

The orc priest closely misses you.
You hit the orc priest.
The orc priest is moderately wounded.
You hit the orc priest but do no damage.
The orc priest is moderately wounded.
The orc priest barely misses you.
You closely miss the orc priest.
The orc priest is moderately wounded.
The orc priest mumbles some strange prayers to Beogh against you.
Pain shoots through your body!
You hit the orc priest.
The orc priest is heavily wounded.
The orc priest hits you with a flail!
* * * LOW HITPOINT WARNING * * *
Okay, then.
Are you sure you want to shaft yourself?
You feel somewhat more hungry.
The orc priest invokes the aid of Beogh against you.
Beogh smites you!
You die...

#.# #######.# #.......##
#........# #........#
#........#
#........############
#..o@.....##.........
#............##........#
#....#######..#......<.#
#... #.†#........# ...
#..##.......# ..
#..##.#####.# . ##..#.#
#.. ####.>..# ###
#.#.##### #..


You could see an orc priest.

Vanquished Creatures
  Robin (D:2)
  3 gnolls (D:2)
  5 adders (D:2)
  2 worms (D:2)
  3 dart slugs
  A leopard gecko (D:2)
  3 orcs (D:3)
  7 hobgoblins
  2 quokkas (D:2)
  9 bats
  A frilled lizard (D:2)
  13 goblins
  4 kobolds
  9 rats
63 creatures vanquished.

Notes
Turn   | Place    | Note
-------+----------+-------------------------------------------
     0 | D:1      | MTVSty1e the Formicid Monk began the quest for the Orb.
     0 | D:1      | Reached XP level 1. HP: 18/18 MP: 1/1
    54 | D:1      | Found a shattered altar of Ashenzari.
   471 | D:1      | Reached XP level 2. HP: 24/24 MP: 2/2
   975 | D:2      | Reached XP level 3. HP: 29/29 MP: 3/3
   991 | D:2      | Noticed Robin
  1024 | D:2      | Killed Robin
  1024 | D:2      | Reached skill level 4 in Polearms
  1246 | D:2      | Reached XP level 4. HP: 34/37 MP: 4/4
  1650 | D:2      | Reached XP level 5. HP: 30/43 MP: 5/5
  2087 | D:2      | Reached skill level 5 in Polearms
  2883 | D:3      | Killed from afar by an orc priest

Skill      XL: |  1  2  3  4  5 |
---------------+----------------+-----
Polearms       | 4 5 |  5.0
Fighting       | 4 |  4.7
Dodging        | |  2.6
Stealth        | |  2.4

Action                   |  1- 3 |  4- 6 || total
-------------------------+-------+-------++-------
Melee: Spear             |   121 |   196 ||   317
 Abil: Dig               |     3 |     2 ||     5
       Shaft Self        |       |     1 ||     1
  Use: Potion            |       |     2 ||     2
 Stab: Sleeping          |     4 |     1 ||     5
  Eat: Chunk             |     1 |       ||     1
       Bread ration      |       |     2 ||     2
Armor: Robe              |    16 |       ||    16
       Ring mail         |    16 |    29 ||    45
       Leather armour    |     1 |       ||     1
Dodge: Dodged            |    75 |    74 ||   149
